 Dungeon Crawl Stone Soup version 0.31-a0-640-g39d97e502b (webtiles) character file.

Game seed: 5503725839017178902

51543 arthad the Carver (level 14, -1/108 HPs)
             Began as a Gnoll Wanderer on Aug 28, 2023.
             Was a High Priest of Okawaru.
             Slain by a bog body (11 damage)
             ... while petrified by a basilisk
             ... on level 3 of the Lair of Beasts.
             The game lasted 00:56:21 (17829 turns).

arthad the Carver (Gnoll Wanderer)                 Turns: 17829, Time: 00:56:22

Health: -1/108     AC: 19    Str: 12    XL:     14   Next: 60%
Magic:  28/28      EV:  2    Int: 13    God:    Okawaru [*****.]
Gold:   1614       SH:  0    Dex: 26    Spells: 17/34 levels left

rFire   + + +        c - +8 autumn katana {manifold assault}
rCold   . . .        N - +5 kite shield {reflect}
rNeg    + + +        d - +1 ring mail of Compression {-Cast rF++ Slay+3}
rPois   ∞            g - +2 helmet
rElec   +            (no cloak)
rCorr   .            p - +0 pair of gloves of Ru's Approval {rN+ Dex+4}
SInv    .            D - +1 pair of boots
Will    .....        x - amulet of regeneration
Stlth   +++++        S - ring of Nadov {rElec rPois rF+ Will- Dex+7}
HPRegen 1.18/turn    m - +4 ring of protection
MPRegen 0.21/turn

%: no spellcasting, reflection
@: petrified, slowed
A: fangs 1, strong nose, distributed training
a: Renounce Religion, Heroism, Finesse, Duel


You were on level 3 of the Lair of Beasts.
You worshipped Okawaru.
Okawaru was extremely pleased with you.
You visited 3 branches of the dungeon, and saw 19 of its levels.
You also visited: Sewer, Ossuary and Gauntlet.

You collected 1614 gold pieces.

Inventory:

Hand Weapons
 c - the +8 autumn katana (weapon) {manifold assault}
   (You found it in a Gauntlet)
 C - the +4 morningstar of Hepliaklqana's Regard {elec, rElec rF+++ rCorr Str-2}
   (You took it off a minotaur in a Gauntlet)

   Str-2:     It affects your strength (-2).
   rF+++:     It renders you almost immune to fire.
   rElec:     It insulates you from electricity.
   rCorr:     It protects you from acid and corrosion.
Missiles
 a - a curare-tipped dart
 r - 3 throwing nets
 t - 18 poisoned darts (quivered)
 u - 4 atropa-tipped darts
 A - 2 datura-tipped darts
 F - 2 darts of dispersal
 T - 10 silver javelins
 U - 17 boomerangs
 W - 8 javelins
Armour
 d - the +1 ring mail of Compression (worn) {-Cast rF++ Slay+3}
   (You found it on level 15 of the Dungeon)

   Slay+3:    It affects your accuracy & damage with ranged weapons and melee
   (+3).
   rF++:      It greatly protects you from fire.
   -Cast:     It prevents spellcasting.
 g - a +2 helmet (worn)
 p - the +0 pair of gloves of Ru's Approval (worn) {rN+ Dex+4}
   (You found it on level 2 of the Dungeon)

   Dex+4:     It affects your dexterity (+4).
   rN+:       It protects you from negative energy.
 D - a +1 pair of boots (worn)
 N - a +5 kite shield of reflection (worn)
 Z - +0 ice dragon scales
Jewellery
 h - an amulet of magic regeneration
 j - a ring of see invisible
 m - a +4 ring of protection (right hand)
 x - an amulet of regeneration (around neck)
 O - a ring of resist corrosion
 Q - an amulet of reflection
 S - the ring of Nadov (left hand) {rElec rPois rF+ Will- Dex+7}
   (You found it in a Gauntlet)

   [ring of protection from fire]

   Dex+7:     It affects your dexterity (+7).
   rF+:       It protects you from fire.
   rElec:     It insulates you from electricity.
   rPois:     It protects you from poison Will-: It decreases your willpower.
 Y - the ring "Tinaplus" {*Slow Fly rF+ rN+ Will++}
   (You found it in a Gauntlet)

   [ring of positive energy]

   rF+:       It protects you from fire.
   rN+:       It protects you from negative energy.
   Will++:    It greatly increases your willpower.
   Fly:       It grants you flight.
   *Slow:     It may slow you when you take damage.
Wands
 b - a wand of iceblast (4)
 q - a wand of paralysis (17)
 E - a wand of flame (42)
 J - a wand of polymorph (16)
 V - a wand of digging (9)
Scrolls
 k - 2 scrolls of blinking
 l - 3 scrolls of immolation
 G - 5 scrolls of fear
 H - 8 scrolls of identify
 I - a scroll of butterflies
 K - a scroll of poison
 M - 3 scrolls of fog
 P - 4 scrolls of amnesia
 X - a scroll of revelation
Potions
 e - 5 potions of enlightenment
 f - a potion of ambrosia
 n - a potion of might
 o - 3 potions of resistance
 s - 3 potions of brilliance
 v - 3 potions of haste
 w - 5 potions of curing
 y - a potion of mutation
 z - 2 potions of magic
 B - 2 potions of berserk rage
 L - 2 potions of invisibility
Miscellaneous
 R - a phantom mirror


   Skills:
 + Level 9.5 Fighting
 + Level 9.5 Short Blades
 + Level 12.6 Long Blades
 + Level 9.5 Axes
 + Level 9.5 Maces & Flails
 + Level 9.5 Polearms
 + Level 9.5 Staves
 + Level 9.5 Ranged Weapons
 + Level 9.5 Throwing
 + Level 9.5 Armour
 + Level 9.5 Dodging
 + Level 10.4 Stealth
 + Level 9.5 Shields
 + Level 9.5 Unarmed Combat
 + Level 10.8 Spellcasting
 + Level 8.0 Conjurations
 + Level 8.3 Hexes
 + Level 8.0 Summonings
 + Level 8.0 Necromancy
 + Level 8.0 Translocations
 + Level 8.0 Transmutations
 + Level 8.0 Fire Magic
 + Level 8.0 Ice Magic
 + Level 8.0 Air Magic
 + Level 8.0 Earth Magic
 + Level 8.0 Poison Magic
 + Level 10.7 Invocations
 + Level 9.5 Evocations
 + Level 8.7 Shapeshifting


You had 17 spell levels left.
You knew the following spells:

 Your Spells              Type           Power      Damage    Failure   Level
a - Slow                  Hex            100%       N/A       1%          1
b - Leda's Liquefaction   Hex/Erth       14%        N/A       19%         4
c - Flame Wave            Conj/Fire      27%        2d9       21%         4
d - Passage of Golubria   Tloc           27%        N/A       21%         4
e - Petrify               Tmut/Erth      27%        N/A       21%         4

Your spell library contained the following spells:

 Spells                   Type           Power      Damage    Failure   Level
 Apportation              Tloc           54%        N/A       1%          1
 Freeze                   Ice            100%       1d10      1%          1
 Inner Flame              Hex/Fire       28%        N/A       5%          3
 Portal Projectile        Hex/Tloc       56%        N/A       5%          3
 Frozen Ramparts          Ice            54%        1d9       6%          3
 Gell's Gravitas          Tloc           27%        N/A       6%          3
 Hailstorm                Conj/Ice       27%        3d7       6%          3
 Teleport Other           Tloc           27%        N/A       6%          3
 Sticky Flame             Conj/Fire      27%        2d5       21%         4
 Vhi's Electric Charge    Tloc/Air       54%        N/A       21%         4
 Metabolic Englaciation   Hex/Ice        14%        N/A       45%         5
 Silence                  Hex/Air        14%        N/A       45%         5
 Alistair's Intoxication  Tmut/Pois      18%        N/A       50%         5
 Arcjolt                  Conj/Air       13%        1d23      50%         5
 Lee's Rapid Deconstruct  Erth           13%        3d9*      50%         5
 Dispersal                Tloc           13%        N/A       97%         6
 Leda's Unmaking          Conj/Erth      13%        9d3       97%         6
 Lehudib's Crystal Spear  Conj/Erth      13%        10d5      100%        8
 Maxwell's Capacitive Co  Air            13%        ∞         100%        8


Dungeon Overview and Level Annotations

Branches:
Dungeon (15/15)            Temple (1/1) D:7            Lair (3/5) D:9
  Swamp (0/4) Lair:3       Spider (0/4) Lair:2          Orc (0/2) D:9
 Vaults (0/5) D:14         Depths (0/4) D:15          Sewer (visited)
Ossuary (visited)         Gauntlet (visited)

Altars:
Ashenzari
Cheibriados
Dithmenos
Elyvilon
Fedhas
Gozag
Hepliaklqana
Makhleb
Nemelex Xobeh
Okawaru
Qazlal
Ru
Sif Muna
Trog
Uskayaw
Vehumet
Wu Jian
Xom
Yredelemnul
Zin
The Shining One

Shops:
D:13 [

Annotations:
D:8 3 runed translucent doors, CraigForest's ghost, novice TrFi
Lair:2 exclusion: 2 oklob plants


Innate Abilities, Weirdness & Mutations

You have very sharp teeth.
Your uncanny sense of smell can sniff out nearby items.
Your experience applies equally to all skills.


Message History

The basilisk bites you but does no damage.
The bog body points at you and mumbles some strange words.
The bolt of cold hits you!!
The bog body points at you and mumbles some strange words.
The bolt of cold hits you!!
* * * LOW HITPOINT WARNING * * *
The basilisk bites you but does no damage.
The bog body touches you. The bog body freezes you!!
* * * LOW HITPOINT WARNING * * *
The bog body casts a spell at you.
You feel as though you will be slow longer.
The basilisk bites you but does no damage.
The bog body gestures at you while chanting.
You barely resist. The bog body touches you!
* * * LOW HITPOINT WARNING * * *
The bog body freezes you!!
* * * LOW HITPOINT WARNING * * *
You turn to flesh and can move again.
Blink to where?
Press: ? - help, Dir - move target
As you read the scroll of blinking, it crumbles to dust.
The basilisk gazes at you.
You are slowing down.
As you read the scroll of teleportation, it crumbles to dust.
You feel strangely unstable.
You have turned to stone.
The basilisk gazes at you.
You struggle to resist.
The bog body touches the plant!!
The plant begins to die.
The bog body freezes the plant!
Your surroundings suddenly seem different.
The basilisk bites the plant!!
The bog body gestures at you while chanting.
You feel as though you will be slow longer.
A nearby plant withers and dies.
The basilisk gazes at you. The bog body casts a spell at you.
The bolt of cold hits you!!
* * * LOW HITPOINT WARNING * * *
The bog body touches you!
* * * LOW HITPOINT WARNING * * *
The bog body freezes you!!
You die...

.#.......##...#.....#......#..
..#.P.#.###..#...P..##....###.
.#...P..#......#PPP.##.....##.
...............#PP#...........
............>.................
.........ln...................
...§§§.†.................<....
..♣♣~§.......n................
♣~§~S.......@..#+..P##....###
.~§§§~.#.....###..P.# #.... ##
.~~~§§§###..... ..... #.... #.
..§♣~.. #....#. . .... #.
....... +....## . #[ ##... #.
#... ∆ #.. ##.. #.. ..##


You could see 2 bog bodies and a basilisk.

Vanquished Creatures
  Rupert (D:15)
  Roxanne (D:15)
  Azrael (D:12)
  A minotaur (Gauntlet)
  Josephine (D:12)
  2 fire dragons (D:15)
  A hell beast (Gauntlet)
  A catoblepas (D:13)
  A hydra (Lair:1)
  An ice dragon (D:15)
  2 centaur warriors
  2 dancing weapons
  A boulder beetle (D:15)
  A death yak (Lair:1)
  2 tengu warriors
  5 two-headed ogres
  Nergalle (Lair:1)
  A fire crab (shapeshifter) (D:14)
  3 skeletal warriors (D:11)
  A skyshark (Lair:3)
  An oklob plant (Gauntlet)
  A cyclops (D:14)
  2 manticores
  11 elephants (Lair:2)
  2 gargoyles
  2 guardian serpents (D:15)
  4 cane toads
  2 torpor snails (Lair:1)
  3 unseen horrors
  A rime drake (shapeshifter) (D:15)
  Maggie (D:6)
  A komodo dragon (Lair:3)
  A yaktaur (D:8)
  A komodo dragon (shapeshifter) (D:13)
  A tengu conjurer (D:15)
  5 trolls
  A polar bear (Lair:2)
  3 hornets (Gauntlet)
  3 blink frogs (Lair:2)
  A blink frog (shapeshifter) (D:13)
  13 slime creatures
  Sigmund (D:6)
  8 dream sheep (Lair:1)
  5 wraiths
  A spriggan (shapeshifter) (D:12)
  2 shadows
  5 culicivoras (Lair:2)
  21 yaks
  A vampire (D:9)
  3 wyverns
  A golden eye (shapeshifter) (D:14)
  3 basilisks
  Eustachio (D:5)
  3 fire elementals
  A steam dragon (D:8)
  13 vampire mosquitoes
  3 acid dragons
  5 water moccasins
  A hell hound (D:11)
  7 orc warriors
  2 ice beasts
  2 sky beasts (D:7)
  18 wolves (Lair:2)
  6 centaurs
  A kobold brigand (D:7)
  12 bullfrogs
  A wyvern zombie (Ossuary)
  2 scorpions
  A water moccasin zombie (Ossuary)
  9 killer bees
  4 howler monkeys
  An electric eel (Lair:1)
  5 centaur zombies (Ossuary)
  4 bullfrog zombies (Ossuary)
  7 hounds
  2 jellies
  3 gnoll boudas
  10 orc priests
  15 mummies (Ossuary)
  3 sleepcaps (D:5)
  Terence (D:2)
  3 iguanas
  8 orc wizards
  6 hell rats (Lair:1)
  3 killer bee zombies (Ossuary)
  A howler monkey zombie (Ossuary)
  8 gnolls
  9 adders
  A shadow imp (D:5)
  2 worms
  2 dart slugs
  47 orcs
  4 endoplasms
  8 giant cockroaches (Sewer)
  7 goblins
  4 hobgoblins
  10 quokkas
  11 ball pythons
  4 bats
  11 frilled lizards
  7 kobolds
  6 rats
446 creatures vanquished.

Notes
Turn   | Place    | Note
-------+----------+-------------------------------------------
     0 | D:1      | arthad the Gnoll Wanderer began the quest for the Orb.
     0 | D:1      | arthad set off with the following items: a +0 long sword, a
                  | +0 pair of boots, a potion of invisibility, a +0 robe; and
                  | the following spell memorised: Slow; and the following
                  | spells available to memorise: Portal Projectile.
     0 | D:1      | Reached XP level 1. HP: 13/13 MP: 6/6
   160 | D:1      | Found a faded altar of an unknown god.
   415 | D:1      | Reached XP level 2. HP: 16/19 MP: 7/7
   512 | D:1      | You fall into a shaft and drop 1 floor!
  1088 | D:2      | Reached XP level 3. HP: 25/25 MP: 9/9
  1112 | D:2      | Identified the +0 pair of gloves of Ru's Approval {rN+
                  | Dex+4}
  1140 | D:2      | Reached skill level 5 in Spellcasting
  1460 | D:2      | Noticed Terence
  1478 | D:2      | Killed Terence
  1479 | D:2      | Reached skill level 1 in Fighting
  1479 | D:2      | Reached skill level 1 in Short Blades
  1479 | D:2      | Reached skill level 1 in Axes
  1479 | D:2      | Reached skill level 1 in Maces & Flails
  1479 | D:2      | Reached skill level 1 in Polearms
  1479 | D:2      | Reached skill level 1 in Staves
  1479 | D:2      | Reached skill level 1 in Ranged Weapons
  1479 | D:2      | Reached skill level 1 in Throwing
  1479 | D:2      | Reached skill level 1 in Armour
  1479 | D:2      | Reached skill level 1 in Dodging
  1479 | D:2      | Reached skill level 1 in Shields
  1479 | D:2      | Reached skill level 1 in Unarmed Combat
  1479 | D:2      | Reached skill level 1 in Evocations
  1716 | D:3      | Reached skill level 1 in Shapeshifting
  1716 | D:3      | Reached XP level 4. HP: 25/32 MP: 11/11
  1873 | D:3      | Reached skill level 1 in Conjurations
  1873 | D:3      | Reached skill level 1 in Summonings
  1873 | D:3      | Reached skill level 1 in Necromancy
  1873 | D:3      | Reached skill level 1 in Translocations
  1873 | D:3      | Reached skill level 1 in Transmutations
  1873 | D:3      | Reached skill level 1 in Fire Magic
  1873 | D:3      | Reached skill level 1 in Ice Magic
  1873 | D:3      | Reached skill level 1 in Air Magic
  1873 | D:3      | Reached skill level 1 in Earth Magic
  1873 | D:3      | Reached skill level 1 in Poison Magic
  1882 | D:3      | Reached XP level 5. HP: 28/37 MP: 12/12
  2339 | D:4      | Found a glowing drain.
  2387 | Sewer    | Entered a sewer
  2550 | Sewer    | Reached XP level 6. HP: 44/44 MP: 13/13
  3570 | D:5      | Entered Level 5 of the Dungeon
  3686 | D:5      | Reached XP level 7. HP: 50/50 MP: 15/15
  3811 | D:5      | Reached skill level 9 in Long Blades
  3811 | D:5      | Reached skill level 5 in Stealth
  4110 | D:5      | Noticed Eustachio
  4131 | D:5      | Killed Eustachio
  4132 | D:5      | Reached XP level 8. HP: 54/58 MP: 16/16
  4359 | D:6      | Noticed Sigmund
  4371 | D:6      | Killed Sigmund
  4707 | D:6      | Noticed Maggie
  4721 | D:6      | Killed Maggie
  5083 | D:7      | Reached skill level 5 in Invocations
  5083 | D:7      | Reached XP level 9. HP: 50/65 MP: 18/18
  5376 | D:7      | Found a staircase to the Ecumenical Temple.
  5474 | D:7      | Found a sand-covered staircase.
  5479 | Ossuary  | Entered an ossuary
  5962 | D:7      | Reached XP level 10. HP: 73/73 MP: 20/20
  6235 | Temple   | Entered the Ecumenical Temple
  6257 | Temple   | Became a worshipper of Warmaster Okawaru
  6401 | D:8      | Reached skill level 5 in Fighting
  6401 | D:8      | Reached skill level 5 in Short Blades
  6401 | D:8      | Reached skill level 5 in Axes
  6401 | D:8      | Reached skill level 5 in Maces & Flails
  6401 | D:8      | Reached skill level 5 in Polearms
  6401 | D:8      | Reached skill level 5 in Staves
  6401 | D:8      | Reached skill level 5 in Ranged Weapons
  6401 | D:8      | Reached skill level 5 in Throwing
  6401 | D:8      | Reached skill level 5 in Armour
  6401 | D:8      | Reached skill level 5 in Dodging
  6401 | D:8      | Reached skill level 5 in Shields
  6401 | D:8      | Reached skill level 5 in Unarmed Combat
  6401 | D:8      | Reached skill level 5 in Evocations
  6406 | D:8      | Noticed an unseen horror
  6415 | D:8      | Killed an unseen horror
  6416 | D:8      | Reached skill level 10 in Long Blades
  6463 | D:8      | Reached * piety under Okawaru
  6608 | D:8      | Noticed a two-headed ogre
  6608 | D:8      | Noticed CraigForest's ghost (novice TrFi)
  6615 | D:8      | Found a runed translucent gate.
  6615 | D:8      | Found a runed translucent gate.
  6615 | D:8      | Found a runed translucent gate.
  6859 | D:9      | Found a sparkling altar of Nemelex Xobeh.
  6859 | D:9      | Found an ornate altar of the Wu Jian Council.
  7018 | D:9      | Noticed a two-headed ogre
  7034 | D:9      | HP: 2/74 [two-headed ogre/+0 giant club (17)]
  7035 | D:9      | Killed a two-headed ogre
  7036 | D:9      | Reached skill level 5 in Hexes
  7036 | D:9      | Reached skill level 5 in Shapeshifting
  7126 | D:9      | Reached ** piety under Okawaru
  7297 | D:9      | Found a staircase to the Lair.
  7873 | D:9      | Found a staircase to the Orcish Mines.
  7977 | D:10     | Entered Level 10 of the Dungeon
  8053 | D:10     | Found a hide-covered altar of Uskayaw.
  8183 | D:10     | Identified the +9 short sword of Orut {freeze, Int+3}
  8628 | D:10     | Noticed a gargoyle
  8629 | D:10     | Reached *** piety under Okawaru
  8630 | D:10     | Reached XP level 11. HP: 61/81 MP: 22/22
  8639 | D:10     | Reached skill level 5 in Conjurations
  8639 | D:10     | Reached skill level 5 in Summonings
  8639 | D:10     | Reached skill level 5 in Necromancy
  8639 | D:10     | Reached skill level 5 in Translocations
  8639 | D:10     | Reached skill level 5 in Transmutations
  8639 | D:10     | Reached skill level 5 in Fire Magic
  8639 | D:10     | Reached skill level 5 in Ice Magic
  8639 | D:10     | Reached skill level 5 in Air Magic
  8639 | D:10     | Reached skill level 5 in Earth Magic
  8639 | D:10     | Reached skill level 5 in Poison Magic
  9052 | D:11     | Received a gift from Okawaru
  9215 | D:11     | Noticed a skeletal warrior
  9215 | D:11     | Noticed a skeletal warrior
  9215 | D:11     | Noticed a skeletal warrior
  9226 | D:11     | Killed a skeletal warrior
  9233 | D:11     | Killed a skeletal warrior
  9233 | D:11     | Received a gift from Okawaru
  9233 | D:11     | Reached **** piety under Okawaru
  9235 | D:11     | Killed a skeletal warrior
  9269 | D:11     | Noticed a two-headed ogre
  9277 | D:11     | Killed a two-headed ogre
  9414 | D:11     | Noticed a two-headed ogre
  9424 | D:11     | Killed a two-headed ogre
  9431 | D:11     | Learned a level 4 spell: Leda's Liquefaction
  9436 | D:11     | Learned a level 4 spell: Flame Wave
 10227 | D:12     | Noticed Josephine
 10261 | D:12     | Killed Josephine
 10351 | D:12     | Noticed Azrael
 10362 | D:12     | Reached ***** piety under Okawaru
 10380 | D:12     | Reached skill level 11 in Long Blades
 10452 | D:12     | Received a gift from Okawaru
 10453 | D:12     | Reached XP level 12. HP: 89/89 MP: 24/24
 10468 | D:12     | Noticed a two-headed ogre
 10482 | D:12     | Killed a two-headed ogre
 10501 | D:12     | Killed Azrael
 10783 | D:12     | Learned a level 4 spell: Passage of Golubria
 11240 | D:13     | Noticed a two-headed ogre
 11254 | D:13     | Killed a two-headed ogre
 11254 | D:13     | Identified the +0 chain mail of the Arcane {Str+2} (Okawaru
                  | gifted it to you on level 13 of the Dungeon)
 11254 | D:13     | Received a gift from Okawaru
 11304 | D:13     | Noticed a catoblepas
 11336 | D:13     | Killed a catoblepas
 11462 | D:13     | Noticed a centaur warrior
 11479 | D:13     | Killed a centaur warrior
 11721 | D:13     | Found Poniwon's Antique Armour Shoppe.
 11760 | D:13     | Found an iron altar of Okawaru.
 12224 | D:14     | Learned a level 4 spell: Petrify
 12237 | D:14     | Noticed a tengu warrior
 12254 | D:14     | Killed a tengu warrior
 12485 | D:14     | Reached XP level 13. HP: 68/98 MP: 15/26
 12539 | D:14     | Found a shadowy altar of Dithmenos.
 12969 | D:14     | Found a gate to the Vaults.
 13513 | D:15     | Entered Level 15 of the Dungeon
 13526 | D:15     | Found a gate leading to a gauntlet.
 13535 | Gauntlet | Entered a Gauntlet
 13535 | Gauntlet | Found a transporter.
 13535 | Gauntlet | Found a transporter.
 13539 | Gauntlet | Found a transporter.
 13548 | Gauntlet | Found a transporter.
 13567 | Gauntlet | Found a transporter.
 13575 | Gauntlet | Found a transporter.
 13576 | Gauntlet | Found the +8 autumn katana {manifold assault}
 13577 | Gauntlet | Found a transporter.
 13578 | Gauntlet | Noticed a balrug
 13581 | Gauntlet | Found a transporter.
 13587 | Gauntlet | Found a transporter.
 13617 | Gauntlet | Found a transporter.
 13628 | Gauntlet | Found a transporter.
 13637 | Gauntlet | Found a transporter.
 13683 | Gauntlet | Found a transporter.
 13697 | Gauntlet | Found a transporter.
 13800 | Gauntlet | Found a transporter.
 13816 | Gauntlet | Found a transporter.
 13964 | Gauntlet | Identified the ring of Nadov {rElec rPois rF+ Will- Dex+7}
 14010 | Gauntlet | Paralysed by a hornet for 2 turns
 14014 | Gauntlet | Paralysed by a hornet for 2 turns
 14089 | Gauntlet | Identified the ring "Tinaplus" {*Slow Fly rF+ rN+ Will++}
 14148 | Gauntlet | Identified the +4 morningstar of Hepliaklqana's Regard
                  | {elec, rElec rF+++ rCorr Str-2}
 14148 | Gauntlet | Noticed a minotaur
 14164 | Gauntlet | Killed a minotaur
 14164 | Gauntlet | Received a gift from Okawaru
 14241 | D:15     | Noticed a fire dragon
 14251 | D:15     | Killed a fire dragon
 14311 | D:15     | Received a gift from Okawaru
 14461 | D:15     | Identified the +1 ring mail of Compression {-Cast rF++
                  | Slay+3}
 14483 | D:15     | Noticed Rupert
 14498 | D:15     | Killed Rupert
 14498 | D:15     | Received a gift from Okawaru
 14499 | D:15     | Reached skill level 12 in Long Blades
 14527 | D:15     | Noticed a fire dragon
 14534 | D:15     | Noticed an ice dragon
 14543 | D:15     | Killed a fire dragon
 14544 | D:15     | Reached skill level 10 in Spellcasting
 14554 | D:15     | Killed an ice dragon
 14602 | D:15     | Found a staircase to the Depths.
 14803 | D:15     | Received a gift from Okawaru
 15158 | D:15     | Noticed Roxanne
 15178 | D:15     | Killed Roxanne
 15433 | D:15     | Received a gift from Okawaru
 15434 | D:15     | Reached skill level 10 in Invocations
 15927 | Lair:1   | Entered Level 1 of the Lair of Beasts
 15998 | Lair:1   | Identified the +0 scale mail "Kizocsut" {rPois Stlth+}
                  | (Okawaru gifted it to you on level 1 of the Lair of Beasts)
 15998 | Lair:1   | Received a gift from Okawaru
 16061 | Lair:1   | Reached XP level 14. HP: 62/108 MP: 28/28
 16155 | Lair:1   | Reached skill level 10 in Stealth
 16165 | Lair:1   | Noticed Nergalle
 16176 | Lair:1   | Killed Nergalle
 16960 | Lair:2   | Found a hole to the Spider Nest.
 17804 | Lair:3   | Found a staircase to the Swamp.
 17829 | Lair:3   | Slain by a bog body

Illustrated notes

Levels and vault maps discovered:
D:1:      dpeg_arrival_boxes_within_box, layout_basic,
          hellmonk_ecumenical_altar_arch_garden, minmay_tromino_v2
D:2:      layout_loops_ring, kennysheep_generic_room_4, uniq_terence
D:3:      layout_loops_cross, corexii_shack, st_stairs_11, item_on_display_a
D:4:      layout_cave_pods, portal_sewer_entry_c, kennysheep_generic_room_10
D:5:      layout_loops_ring, uniq_eustachio
D:6:      layout_basic, uniq_sigmund, uniq_maggie
D:7:      minmay_evil_eye, layout_cave_pools, temple_doors_ab,
          nicolae_ossuary_entry_false_entrances,
          minmay_fractal_squares_gapless_5
D:8:      layout_rooms, gammafunk_ghost_split, minmay_three_doors
D:9:      layout_gridville, nicolae_overflow_hidden_temple, lair_entry_dummy,
          hiddenorc1_lemuel
D:10:     layout_grid_maze, nicolae_uskayaw_dance_hall
D:11:     layout_stronghold
D:12:     layout_basic, serial_curves, eino_curves_03, eino_curves_02,
          uniq_josephine, uniq_azrael
D:13:     layout_loops_ring, serial_shops, kennysheep_mini, okawaru_trees_2
D:14:     minmay_goldmine, layout_cave_pods, erik_vaults_1,
          grunt_dithmenos_smoke_and_mirrors
D:15:     grunt_enter_depths_hoard, layout_stronghold,
          chequers_hall_statues_wall_a, gauntlet_entry_generic,
          nrook_guardian_serpent_double, uniq_rupert, uniq_roxanne
Temple:   nicolae_temple_bog_church
Lair:1:   layout_roguey, serial_bayou_ford_a, uniq_nergalle
Lair:2:   minmay_lair_oklob_tunnel, layout_cave_shapes,
          hellmonk_spider_entry_life_and_decay, grunt_megastairs_4
Lair:3:   layout_regular_city, skrybe_swamp_entry_bodies, nzn_sisyphean_effort,
          infiniplex_staircase_pool

Skill      XL: |  1  2  3  4  5  6  7  8  9 10 11 12 13 14 |
---------------+-------------------------------------------+-----
Hexes          | 2 3 4 5 6 7 8 |  8.3
Spellcasting   | 5 6 7 8 9 10 | 10.8
Fighting       | 1 2 3 4 5 6 7 9 |  9.5
Short Blades   | 1 2 3 4 5 6 7 9 |  9.5
Axes           | 1 2 3 4 5 6 7 9 |  9.5
Maces & Flails | 1 2 3 4 5 6 7 9 |  9.5
Polearms       | 1 2 3 4 5 6 7 9 |  9.5
Staves         | 1 2 3 4 5 6 7 9 |  9.5
Ranged Weapons | 1 2 3 4 5 6 7 9 |  9.5
Throwing       | 1 2 3 4 5 6 7 9 |  9.5
Armour         | 1 2 3 4 5 6 7 9 |  9.5
Dodging        | 1 2 3 4 5 6 7 9 |  9.5
Shields        | 1 2 3 4 5 6 7 9 |  9.5
Unarmed Combat | 1 2 3 4 5 6 7 9 |  9.5
Evocations     | 1 2 3 4 5 6 7 9 |  9.5
Shapeshifting  | 1 2 3 4 5 6 7 8 |  8.7
Conjurations   | 1 2 3 4 5 6 7 8 |  8.0
Summonings     | 1 2 3 4 5 6 7 8 |  8.0
Necromancy     | 1 2 3 4 5 6 7 8 |  8.0
Translocations | 1 2 3 4 5 6 7 8 |  8.0
Transmutations | 1 2 3 4 5 6 7 8 |  8.0
Fire Magic     | 1 2 3 4 5 6 7 8 |  8.0
Ice Magic      | 1 2 3 4 5 6 7 8 |  8.0
Air Magic      | 1 2 3 4 5 6 7 8 |  8.0
Earth Magic    | 1 2 3 4 5 6 7 8 |  8.0
Poison Magic   | 1 2 3 4 5 6 7 8 |  8.0
Invocations    | 3 4 5 6 7 8 9 10 | 10.7
Long Blades    | 9 10 11 12 | 12.6
Stealth        | 5 6 7 8 9 10 | 10.4

Action                     |  1- 3 |  4- 6 |  7- 9 | 10-12 | 13-15 || total
---------------------------+-------+-------+-------+-------+-------++-------
  Melee: Long sword        |    95 |   175 |   439 |   235 |       ||   944
         Bite              |     6 |    26 |    66 |   113 |    96 ||   307
         Punch             |       |     6 |    22 |     6 |     7 ||    41
         Short sword       |       |       |       |   336 |       ||   336
         Great sword       |       |       |       |   168 |   104 ||   272
         Katana            |       |       |       |       |   444 ||   444
         Morningstar       |       |       |       |       |     7 ||     7
  Throw: Javelin           |       |       |       |     8 |     9 ||    17
         Dart              |       |       |       |     2 |    49 ||    51
   Cast: Slow              |     4 |     2 |       |    33 |     8 ||    47
         Flame Wave        |       |       |       |     2 |     4 ||     6
         Leda's Liquefacti |       |       |       |     1 |       ||     1
         Petrify           |       |       |       |     3 |       ||     3
 Invoke: Heroism           |       |       |       |     3 |     7 ||    10
  Evoke: Wand              |       |       |     2 |    16 |     4 ||    22
    Use: Scroll            |       |     5 |     8 |    11 |    10 ||    34
         Potion            |       |       |       |    15 |     6 ||    21
   Stab: Sleeping          |     8 |    13 |     9 |    10 |    11 ||    51
         Distracted        |       |     1 |     2 |     1 |       ||     4
         Paralysed         |       |       |     8 |    14 |     2 ||    24
         Invisible         |       |       |       |     1 |     4 ||     5
         Petrified         |       |       |       |     6 |       ||     6
 Armour: Robe              |    22 |    52 |    13 |       |       ||    87
         Swamp dragon scal |       |       |   157 |   381 |    54 ||   592
         Ring mail         |       |       |       |       |   119 ||   119
  Dodge: Dodged            |    52 |    96 |   251 |   649 |   298 ||  1346
  Block: Kite shield       |       |       |       |       |   262 ||   262

Table legend: (Time is in decaauts)
 A = Elapsed time spent in this place.
 B = Non-inter-level travel time spent in this place.
 C = Inter-level travel time spent in this place.
 D = Time resting spent in this place.
 E = Time spent auto-exploring this place.
 F = Levels seen in this place.
 G = Mean time per level.
                   A        B        C        D        E       F      G
               +--------+--------+--------+--------+--------+-----+--------+
         Total |  17821 |  16842 |    979 |    477 |  12146 |  22 |  810.0 |
       Dungeon |  14216 |  13320 |    896 |    443 |   9982 |  15 |  947.7 |
        Temple |     45 |      2 |     43 |      0 |      0 |   1 |   45.0 |
          Lair |   1866 |   1827 |     39 |      0 |   1367 |   3 |  622.0 |
         Sewer |    550 |    550 |      0 |      0 |    304 |   1 |  550.0 |
       Ossuary |    429 |    429 |      0 |      0 |    139 |   1 |  429.0 |
      Gauntlet |    712 |    712 |      0 |     34 |    352 |   1 |  712.0 |
               +--------+--------+--------+--------+--------+-----+--------+

Top non-repeatable levels by time:
    D:15: 1468 daAuts
    D:14: 1394 daAuts
    D:11: 1254 daAuts
     D:9: 1112 daAuts
    D:10: 1093 daAuts
    D:13: 1031 daAuts
    D:12: 924 daAuts
     D:1: 892 daAuts
  Lair:2: 891 daAuts
     D:4: 812 daAuts
     D:7: 786 daAuts
     D:2: 767 daAuts
     D:6: 743 daAuts
  Lair:1: 726 daAuts
Gauntlet: 712 daAuts
